 Dungeon Crawl Stone Soup version 0.20.1-1-g8b1a95d (webtiles) character file.

98 Linguinho the Sneak (level 4, -3/33 HPs)
             Began as a Demonspawn Assassin on Oct 29, 2017.
             Killed by divine providence
             ... invoked by an orc priest
              (15 damage)
             ... on level 3 of the Dungeon.
             The game lasted 00:05:53 (2218 turns).

Linguinho the Sneak (Demonspawn Assassin)           Turns: 2218, Time: 00:05:54

Health: -3/33      AC:  8    Str: 11    XL:     4   Next: 43%
Magic:  4/4        EV: 10    Int: 13    God:
Gold:   129        SH:  4    Dex: 15    Spells: 3/3 levels left

rFire    . . .     SeeInvis .   v - -1 dagger (curse)
rCold    . . .     Gourm    .   (no shield)
rNeg     . . .     Faith    .   n - +0 ring mail
rPois    .         Spirit   .   w - +0 helmet
rElec    .         Reflect  .   d - +0 cloak
rCorr    .         Harm     .   (no gloves)
MR       .....                  m - +0 pair of boots (curse)
Stlth    ++........             (no amulet)
Regen    0.2/turn               (no ring)
MPRegen  0.1/turn               (no ring)

@: no status effects
A: large bone plates 1, spiny 2
a: no special abilities


You were on level 3 of the Dungeon.
You were very hungry.

You visited 1 branch of the dungeon, and saw 3 of its levels.

You collected 129 gold pieces.

Inventory:

Hand Weapons
 a - a +2 dagger
 b - a +0 blowgun
 u - a +0 club
 v - a cursed -1 dagger (weapon)
 x - a +0 dagger
Missiles
 e - 19 poisoned needles
 f - 2 curare-tipped needles
Armour
 c - a +0 robe
 d - a +0 cloak (worn)
 m - a cursed +0 pair of boots (worn)
 n - a +0 ring mail (worn)
 w - a +0 helmet (worn)
Jewellery
 r - a cursed -3 ring of protection {unknown}
Scrolls
 k - 3 scrolls of amnesia {unknown}
 l - 3 scrolls of enchant weapon {unknown}
 p - 3 scrolls of fog {unknown}
 q - 2 scrolls of identify {unknown}
 s - a scroll of blinking {unknown}
 t - a scroll of enchant armour {unknown}
Potions
 h - a potion of agility {unknown}
 j - a potion of curing {unknown}
 o - 2 potions of lignification {unknown}
Comestibles
 g - 5 bread rations
 i - 3 royal jellies
 z - a meat ration


   Skills:
 + Level 2.1 Fighting
 + Level 2.2 Short Blades
 - Level 1.7 Throwing
 * Level 1.5 Armour
 + Level 1.0 Dodging
 * Level 4.8 Stealth


You had 3 spell levels left.
You didn't know any spells.

Dungeon Overview and Level Annotations

Branches:
Dungeon (3/15)

Altars:
Kikubaaqudgha
Nemelex Xobeh
Sif Muna


Innate Abilities, Weirdness & Mutations

You are partially covered in large bone plates. (SH +4)
You are mostly covered in sharp spines.


Message History

The orc priest is severely wounded.
The orc is struck by your spines.
You kill the orc!
The orc priest is struck by your spines.
The orc priest hits you with a dagger.
You closely miss the orc priest.
The orc priest is severely wounded.
The orc priest closely misses you.
You hit the orc priest.
The orc priest is almost dead.
You block the orc priest's attack.
You hit the orc priest but do no damage.
The orc priest is almost dead.
The orc priest calls down the wrath of Beogh upon you.
Beogh smites you!
You hit the orc priest but do no damage.
The orc priest is almost dead.
The orc priest invokes the aid of Beogh against you.
Beogh smites you!
You die...

#$...... #...o(..
#....o.. ####
####.oo...! #..
........... #.#
#....... #.#
#.†..)..
##)#########.#+###
#@o..........#
##)###########
#.... ######


You could see an orc priest.

Vanquished Creatures
  Robin (D:2)
  3 adders (D:2)
  A dart slug (D:2)
  4 leopard geckos (D:2)
  3 orcs (D:3)
  3 bats
  3 giant cockroaches
  9 hobgoblins
  7 frilled lizards
  10 goblins (D:2)
  A kobold (D:1)
  8 rats
53 creatures vanquished.

Notes
Turn   | Place    | Note
-------+----------+-------------------------------------------
     0 | D:1      | Linguinho the Demonspawn Assassin began the quest for the Orb.
     0 | D:1      | Reached XP level 1. HP: 16/16 MP: 1/1
   445 | D:1      | Reached skill level 4 in Stealth
   508 | D:1      | Gained mutation: You are partially covered in sharp spines. [demonic ancestry]
   508 | D:1      | Reached XP level 2. HP: 11/22 MP: 2/2
   917 | D:2      | Found an ancient bone altar of Kikubaaqudgha.
   990 | D:2      | Found a sparkling altar of Nemelex Xobeh.
  1051 | D:2      | Reached skill level 1 in Armour
  1051 | D:2      | Gained mutation: You are mostly covered in sharp spines. [demonic ancestry]
  1051 | D:2      | Reached XP level 3. HP: 27/27 MP: 3/3
  1359 | D:2      | Reached skill level 1 in Dodging
  1488 | D:2      | Noticed Robin
  1524 | D:2      | Gained mutation: You are partially covered in large bone plates. (SH +4) [demonic ancestry]
  1524 | D:2      | Reached XP level 4. HP: 23/33 MP: 4/4
  1543 | D:2      | Killed Robin
  1573 | D:2      | Found a deep blue altar of Sif Muna.
  2218 | D:3      | Killed from afar by an orc priest

Skill      XL: |  1  2  3 |
---------------+----------+-----
Stealth        | 4 |  4.8
Short Blades   | 2 |  2.2
Armour         | 1 |  1.5
Dodging        | 1 |  1.0
Fighting       | |  2.1
Throwing       | |  1.7

Action                   |  1- 3 |  4- 6 || total
-------------------------+-------+-------++-------
Melee: Dagger            |    86 |    37 ||   123
 Stab: Sleeping          |     6 |     2 ||     8
       Distracted        |       |     1 ||     1
  Eat: Chunk             |     1 |     2 ||     3
Armor: Robe              |     5 |       ||     5
       Ring mail         |    21 |     9 ||    30
Dodge: Dodged            |    27 |    14 ||    41
Block: Other             |       |     5 ||     5
